 Dungeon Crawl Stone Soup version 0.17-a0-1384-gaabe8e5 (webtiles) character file.

207 Hurge the Ducker (level 5, -12/46 HPs)
             Began as a Draconian Fighter on June 16, 2015.
             Was a Follower of Okawaru.
             Mangled by a gnoll
             ... wielding a +0 flail
              (14 damage)
             ... on level 3 of the Dungeon.
             The game lasted 00:12:51 (2643 turns).

Hurge the Ducker (Draconian Fighter)                Turns: 2643, Time: 00:12:51

Health: -12/46     AC:  5    Str: 20    XL:     5   Next: 54%
Magic:  0/5        EV: 11    Int:  8    God:    Okawaru [*.....]
Gold:   132        SH:  9    Dex: 10    Spells: 0 memorised, 4 levels left

rFire  . . .     SeeInvis .     a - +2 trident
rCold  . . .     Clarity  .     (armour unavailable)
rNeg   + . .     SustAt   .     b - +0 shield
rPois  .         Gourm    .     (helmet restricted)
rElec  .         Spirit   +     (no cloak)
rCorr  .         Warding  .     (no gloves)
rMut   .         Stasis   .     (no boots)
MR     .....                    i - amulet of guardian spirit
Stlth  ++........               u - ring of positive energy
                                r - ring of stealth

@: drained, not resistant to hostile enchantments, unstealthy
A: unfitting armour, cold-blooded, AC +5
a: Heroism, Renounce Religion


You were on level 3 of the Dungeon.
You worshipped Okawaru.
Okawaru was aware of your devotion.
You were not hungry.

You visited 1 branch of the dungeon, and saw 4 of its levels.

You collected 132 gold pieces.

Inventory:

Hand weapons
 a - a +2 trident (weapon)
 f - a +0 short sword
 s - a +0 dagger
 w - a +0 flail of draining
 y - a +1 hand axe of chopping
Armour
 b - a +0 shield (worn)
 q - a +1 scale mail of fire resistance
 v - a +0 helmet
Jewellery
 i - an amulet of guardian spirit (around neck)
 r - a ring of stealth (left hand)
 u - a ring of positive energy (right hand)
Scrolls
 t - a scroll of recharging
Potions
 c - 2 potions of might
 g - a potion of resistance {unknown}
 j - a potion of curing {unknown}
 o - 2 potions of heal wounds {unknown}
 p - a potion of poison {unknown}
 x - a potion of lignification {unknown}
Comestibles
 d - a bread ration
 l - a slice of pizza
 n - a meat ration


   Skills:
 + Level 4.1(3.8) Fighting
 + Level 2.8(2.5) Polearms
 + Level 4.3(4.0) Dodging
 + Level 0.2(0.0) Stealth
 + Level 3.9(3.6) Shields


You had 4 spell levels left.
You didn't know any spells.

Dungeon Overview and Level Annotations

Branches:
Dungeon (4/15)
 Temple: D:4-7

Altars:
Ashenzari
Okawaru


Innate Abilities, Weirdness & Mutations

Your plain brown scales are hard (AC +5).
Your body does not fit into most forms of armour.
You are cold-blooded and may be slowed by cold attacks.


Message History

The gnoll closely misses you. You block the orc's attack.
The gnoll closely misses you.
You puncture the gnoll!
You kill the gnoll!
Okawaru accepts your kill. The gnoll hits you with a flail!
* * * LOW HITPOINT WARNING * * *
You block the orc's attack. The orc barely misses you.
The gnoll barely misses you. The orc hits you with a club.
* * * LOW HITPOINT WARNING * * *
You puncture the gnoll!
Your tail-slap misses the gnoll.
The gnoll is heavily wounded.
The gnoll hits you with a flail!
* * * LOW HITPOINT WARNING * * *
You block the orc's attack. You block the gnoll's attack.
Your shield prevents you from hitting the gnoll.
The gnoll is heavily wounded.
The orc closely misses you. The gnoll hits you with a flail!
You die...

... #.# #.# #.#.# ##
#.# #.# #.#.# #.# #)#
#.#.# #.# #.# #.#.#
#.####.####### #.#.#
#
#............####.#.#
#
########......[....>#
# #.o.....##.### ##.#
#>@.....##.# ...#
#.g.....##.# ####
###...####.# #
#...#....# #
###.#.#### # #.#.#
#.#.#
############.#<#
#####............#.#


You could see a gnoll and an orc.

Vanquished Creatures
  A scorpion (D:3)
  Ijyb (D:3)
  Terence (D:3)
  A gnoll (D:3)
  3 adders (D:3)
  An ooze (D:2)
  2 giant geckos
  14 orcs
  7 bats
  A hobgoblin (D:2)
  4 kobolds
  2 quokkas (D:3)
  2 giant cockroaches (D:3)
  A giant newt (D:1)
  7 goblins
  5 jackals
  4 rats
57 creatures vanquished.

Notes
Turn   | Place    | Note
--------------------------------------------------------------
     0 | D:1      | Hurge the Draconian Fighter began the quest for the Orb.
     0 | D:1      | Reached XP level 1. HP: 19/19 MP: 1/1
   152 | D:1      | Reached XP level 2. HP: 6/26 MP: 2/2
   912 | D:2      | Found an iron altar of Okawaru.
   963 | D:2      | Became a worshipper of Warmaster Okawaru
  1266 | D:2      | You fall through a shaft!
  1280 | D:3      | Reached XP level 3. HP: 31/33 MP: 3/3
  1366 | D:3      | Found a shattered altar of Ashenzari.
  1430 | D:3      | Noticed Ijyb
  1448 | D:3      | Killed Ijyb
  1530 | D:3      | Reached XP level 4. HP: 35/40 MP: 4/4
  1715 | D:3      | Found a faded altar to an unknown god.
  1715 | D:3      | Noticed a scorpion
  1724 | D:3      | Killed a scorpion
  1724 | D:3      | Reached skill level 4 in Dodging
  1961 | D:3      | Noticed Terence
  1979 | D:3      | Killed Terence
  1979 | D:3      | Acquired Okawaru's first power
  1979 | D:3      | Reached XP level 5. HP: 17/46 MP: 5/5
  2642 | D:3      | HP: 2/46 [gnoll/flail (8)]
  2643 | D:3      | Mangled by a gnoll

Vault maps used:
D:1:      wheals_arrival_linesprint
D:2:      okawaru_gym_becter, overflow_temple_1_default, uniq_crazy_yiuf_cottage
D:3:      nicolae_overflow_crystal_walls, ecumenical_altar_1, uniq_iyjb,
          uniq_terence
D:4:      first_bread, hangedman_decor_points, uniq_sigmund

Action                   |  1- 3 |  4- 6 || total
-------------------------+-------+-------++-------
Melee: Trident           |   118 |   105 ||   223
  Use: Scroll            |       |     5 ||     5
  Eat: Beef jerky        |     1 |       ||     1
       Bread ration      |       |     1 ||     1
